 Dungeon Crawl Stone Soup version 0.19-a0-606-gee5277e (webtiles) character file.

630 TheGoonsmith the Cudgeler (level 7, -3/75 HPs)
             Began as a Demonspawn Gladiator on June 12, 2016.
             Slain by a two-headed ogre
             ... wielding a +0 giant club
              (20 damage)
             ... on level 4 of the Dungeon.
             The game lasted 00:07:11 (4547 turns).

TheGoonsmith the Cudgeler (Demonspawn Gladiator)    Turns: 4547, Time: 00:07:12

Health: -3/75      AC: 15    Str: 22    XL:     7   Next: 24%
Magic:  7/7        EV:  8    Int: 10    God:
Gold:   217        SH:  0    Dex: 13    Spells: 0 memorised, 6 levels left

rFire  . . .     SeeInvis .     u - +1 mace (protect)
rCold  . . .     Gourm    .     s - +0 chain mail
rNeg   . . .     Faith    .     (no shield)
rPois  .         Spirit   .     c - +0 helmet
rElec  .         Dismiss  .     (no cloak)
rCorr  .         Reflect  .     (no gloves)
SustAt .         Harm     .     w - +0 pair of boots
MR     .....                    j - amulet of rage
Stlth  ..........               (no ring)
                                (no ring)

@: berserking, very quick, not resistant to hostile enchantments, extremely
unstealthy
A: talons 2, rot immunity
a: Evoke Berserk Rage


You were on level 4 of the Dungeon.
You were not hungry.

You visited 2 branches of the dungeon, and saw 5 of its levels.

You collected 217 gold pieces.

Inventory:

Hand Weapons
 a - a +0 flail
 u - a +1 mace of protection (weapon)
 x - a +0 quarterstaff
Missiles
 d - 3 throwing nets (quivered)
Armour
 b - a +0 leather armour
 c - a +0 helmet (worn)
 g - a +0 scale mail
 s - a +0 chain mail (worn)
 w - a +0 pair of boots (worn)
Jewellery
 j - an amulet of rage (around neck)
 r - a +3 ring of evasion {unknown}
Scrolls
 k - 4 scrolls of identify {unknown}
 l - a scroll of recharging {unknown}
 m - 4 scrolls of magic mapping {unknown}
 p - a scroll of fear {unknown}
 q - a scroll of fog {unknown}
 t - a scroll of enchant weapon {unknown}
 v - a scroll of teleportation {unknown}
Potions
 e - 6 potions of curing
 n - 3 potions of flight
 o - a potion of beneficial mutation {unknown}
 z - a potion of brilliance {unknown}
 A - a potion of invisibility {unknown}
 B - a potion of resistance {unknown}
 C - a potion of degeneration {unknown}
Comestibles
 f - a bread ration
 h - 3 meat rations
 i - a royal jelly


   Skills:
 - Level 2.0 Fighting
 + Level 7.7 Maces & Flails
 - Level 1.7 Throwing
 - Level 2.6 Dodging


You had 6 spell levels left.
You didn't know any spells.

Dungeon Overview and Level Annotations

Branches:
Dungeon (4/15)             Temple (1/1) D:4

Altars:
Cheibriados
Dithmenos
Elyvilon
Fedhas
Gozag
Hepliaklqana
Kikubaaqudgha
Makhleb
Nemelex Xobeh
Okawaru
Pakellas
Qazlal
Ru
Sif Muna
Trog
Vehumet
Xom
Yredelemnul
Zin
The Shining One


Innate Abilities, Weirdness & Mutations

You have razor-sharp toenails.
You are immune to rotting.


Message History

You fail to use your ability.
You fail to use your ability.
The two-headed ogre barely misses you.
The two-headed ogre hits you with a giant club.
All of the chunks of flesh in your inventory have rotted away.
You hit the two-headed ogre but do no damage.
You fail to use your ability.
The two-headed ogre hits you with a giant club.
The two-headed ogre hits you but does no damage.
You fail to use your ability.
The two-headed ogre barely misses you.
The two-headed ogre hits you but does no damage.
You fail to use your ability.
The two-headed ogre hits you with a giant club!!
The two-headed ogre completely misses you.
You fail to use your ability.
A red film seems to cover your vision as you go berserk!
You feel yourself moving faster!
You feel mighty!
The two-headed ogre hits you with a giant club!
* * * LOW HITPOINT WARNING * * *
The two-headed ogre hits you with a giant club!!
You die...

#.............
#....####.####
####.####.##
####....#..#
####........#.#
#...........#.#
#.........###≈#
...#####.........# #≈#
......O@.........###≈#
...#####.######....#)#
# #.# ####.#.### #.#
#...#.# #.# #..#...
#.# ##...... ..#
#...#.#. ### #.###.#.
#.....#.


You could see a two-headed ogre.

Vanquished Creatures
  An ogre (D:4)
  Blork the orc (D:4)
  A scorpion (Temple)
  5 orc wizards
  2 orc priests (D:4)
  2 worker ants
  A hound skeleton (D:4)
  A howler monkey skeleton (D:4)
  5 adders
  2 oozes (D:2)
  4 worms
  2 dart slugs (D:1)
  2 giant geckos
  12 orcs
  5 giant cockroaches
  8 goblins
  7 hobgoblins
  14 jackals
  A quokka (D:2)
  6 bats
  A giant newt (D:4)
  8 kobolds
  5 rats
96 creatures vanquished.

Notes
Turn   | Place    | Note
--------------------------------------------------------------
     0 | D:1      | TheGoonsmith the Demonspawn Gladiator began the quest for the Orb.
     0 | D:1      | Reached XP level 1. HP: 16/16 MP: 1/1
    34 | D:1      | Reached skill level 3 in Maces & Flails
   304 | D:1      | Gained mutation: You have sharp toenails. [demonic ancestry]
   304 | D:1      | Reached XP level 2. HP: 22/22 MP: 2/2
   830 | D:1      | Gained mutation: You are immune to rotting. [demonic ancestry]
   830 | D:1      | Reached XP level 3. HP: 17/27 MP: 3/3
  1048 | D:2      | Reached skill level 4 in Maces & Flails
  1407 | D:2      | Reached XP level 4. HP: 33/33 MP: 4/4
  1956 | D:3      | Reached skill level 5 in Maces & Flails
  2045 | D:3      | Reached XP level 5. HP: 11/38 MP: 5/5
  2541 | D:3      | Found a sacrificial altar of Ru.
  2996 | D:3      | Found a blossoming altar of Fedhas.
  3354 | D:4      | Reached skill level 6 in Maces & Flails
  3428 | D:4      | Found a staircase to the Ecumenical Temple.
  3437 | Temple   | Entered the Ecumenical Temple
  3456 | Temple   | Reached XP level 6. HP: 13/44 MP: 6/6
  4293 | D:4      | Reached skill level 7 in Maces & Flails
  4385 | D:4      | Gained mutation: You have razor-sharp toenails. [demonic ancestry]
  4385 | D:4      | Reached XP level 7. HP: 39/50 MP: 7/7
  4472 | D:4      | Noticed Blork the orc
  4493 | D:4      | Killed Blork the orc
  4537 | D:4      | Noticed a two-headed ogre
  4547 | D:4      | Slain by a two-headed ogre

Vault maps used:
D:1:      mrwooster_arrival_statue_2
D:3:      overflow_temple_1_default, nicolae_overflow_hidden_temple
D:4:      temple_fountains, corexii_corridor_pit, serial_bayou_ford_a,
          uniq_blork_the_orc
Temple:   kilobyte_greek_temple_18

Skill      XL: |  1  2  3  4  5  6 |
---------------+-------------------+-----
Maces & Flails | 3 4 5 6 7 |  7.7
Fighting       | |  2.0
Throwing       | |  1.7
Dodging        | |  2.6

Action                   |  1- 3 |  4- 6 |  7- 9 || total
-------------------------+-------+-------+-------++-------
Melee: Flail             |   137 |   156 |       ||   293
       Kick              |    27 |     7 |       ||    34
       Mace              |       |   167 |    10 ||   177
 Abil: Evoke Berserk Rag |       |     1 |     1 ||     2
  Use: Scroll            |     2 |     1 |       ||     3
       Potion            |     4 |     1 |       ||     5
  Eat: Chunk             |     2 |     6 |     1 ||     9
       Bread ration      |       |     1 |       ||     1
Armor: Leather armour    |     5 |       |       ||     5
       Scale mail        |    91 |     1 |       ||    92
       Chain mail        |       |   232 |     7 ||   239
Dodge: Dodged            |   136 |   140 |     8 ||   284
Block: Buckler           |     1 |       |       ||     1
